Description

b2gm

Replay - B2GM - TvT - Gold 2 - Game 1

Build Order

Get SALT Encoding   

  12  0:01  SCV  
  13  0:13  SCV  
  14  0:17  Supply Depot  
  14  0:25  SCV  
  15  0:39  SCV  
  15  0:42  Barracks  
  16  0:46  Refinery  
  16  0:51  SCV  
  17  1:03  SCV  
  18  1:15  SCV  
  19  1:29  Orbital Command  
  19  1:44  Command Center  
  19  1:53  Factory  
  19  1:56  SCV  
  20  2:09  Refinery  
  20  2:11  SCV  
  21  2:18  Supply Depot  
  21  2:22  Barracks Tech Lab  
  21  2:23  SCV  
  23  2:40  Factory  
  23  2:56  Siege Tank  
  26  3:00  Orbital Command  
  27  3:05  Barracks Reactor  
  29  3:32  Supply Depot, Siege Tank  
  36  3:57  Hellion x2  
  36  4:01  Supply Depot  
  41  4:06  Siege Tank  
  47  4:21  Hellion x2  
  52  4:26  Supply Depot  
  52  4:30  Command Center  
  55  4:47  Siege Tank, Hellion x2  
  55  4:51  Armory  
  66  5:09  Engineering Bay  
  67  5:15  Refinery x2  
  72  5:33  Hellion x2  
  74  5:41  Missile Turret x2  
  76  5:43  Orbital Command  
  76  5:48  Thor  
  83  6:06  Hellion x2  
  89  6:20  Terran Vehicle Weapons Level 1  
  89  6:21  Command Center  
  89  6:23  Armory  
  89  6:31  Thor  
  101  6:33  Orbital Command  
  104  7:23  Thor  
  104  7:28  Terran Vehicle And Ship Armor Level 1  
  120  7:41  Command Center  
  119  7:50  Missile Turret  
  122  7:53  Refinery x2  
  122  8:00  Planetary Fortress  
  124  8:09  Thor  
  124  8:11  Missile Turret  
  137  8:39  Refinery x2  
  141  8:43  Terran Vehicle Weapons Level 2  
  146  8:49  Factory x4  
  146  8:52  Thor  
  155  9:00  Command Center  
  159  9:15  Neosteel Armor  
  159  9:17  Smart Servos  
  159  9:26  Terran Vehicle And Ship Armor Level 2  
  163  9:34  Planetary Fortress  
  164  9:47  Missile Turret  
  164  9:48  Refinery x2  
Spawning Tool Build Advisor. Get it on Overwolf

Go to:

Details

  • Created by: imlubko
  • Published on: Feb 06, 2020
  • Modified on: Feb 06, 2020
  • Patch: 4.11.0
Show
View Real Time Build Order
Export as new Build Order

Comments (0)

There are no comments. Be the first!

Create an account to comment!